[Event "Friday 06 April Rapid Engine Tour 12+1 Rounds 9 Starts 1600ST"]
[Site "Infinity Chess"]
[Date "2018.4.6"]
[Round "5"]
[White "Murx"]
[Black "xeonrocks"]
[Result "1/2-1/2"]
[ECO "D02"]
[WhiteElo "2518"]
[BlackElo "2566"]
[WhiteEngine "BrainFish_180404_x64_bmi2"]
[BlackEngine "Stockfish_x64_bmi2_CTG"]
[EventType "Swiss"]
[WhiteTeam ""]
[BlackTeam ""]
[PlyCount "143"]
[TimeControl "720+1"]

1. d4 d5 2. Nf3 Nf6 3. c4 e6 4. Nc3 c6 5. Bg5 h6 6. Bxf6 Qxf6 7. e3 Nd7 
8. Be2 dxc4 9. Bxc4 g6 10. O-O Bg7 11. e4 e5 12. d5 Nb6 13. Nd2 O-O 14. Bb3 h5 
15. Qe2 Bg4 16. f3 Bd7 17. Qf2 Rfd8 18. Kh1 Bh6 19. a4 Nc8 20. Nc4 Nd6 
21. Rad1 Nxc4 22. Bxc4 Qe7 23. Ba2 a6 24. a5 Be8 25. g3 Kh8 26. Kg2 Rac8 
27. dxc6 bxc6 28. Na4 Rb8 29. Bc4 Qb4 30. b3 Qxa5 31. Qa7 Kg8 32. Nb2 Qb4 
33. Nd3 Qd6 34. Nf4 Qf6 35. Nd3 Bf8 36. Qxa6 Ra8 37. Qb6 Ra2+ 38. Rf2 Rda8 
39. Qe3 Kh7 40. Qe1 Bh6 41. b4 R2a3 42. f4 exf4 43. e5 Qe7 44. Nxf4 h4 
45. Qe2 Rc3 46. Bd3 Qg5 47. Nh3 Qe7 48. Nf4 Qg5 49. Nh3 Qe3 50. Qxe3 Bxe3 
51. Re2 Bh6 52. Nf2 Rb3 53. gxh4 Rxb4 54. Be4 Kg7 55. Rd6 Rab8 56. Nd3 Rc4 
57. h5 gxh5 58. e6 fxe6 59. Ne5 Rc3 60. Rxe6 Re3 61. Rxe3 Bxe3 62. Kf3 Bd4 
63. Nxc6 Rb3+ 64. Kg2 Bxc6 65. Bxc6 h4 66. Be8 h3+ 67. Kf1 Rb2 68. Re4 Rxh2 
69. Rxd4 Rh1+ 70. Kf2 h2 71. Rh4 Rc1 72. Rxh2 1/2-1/2

[Event "Friday 06 April Rapid Engine Tour 12+1 Rounds 9 Starts 1600ST"]
[Site "Infinity Chess"]
[Date "2018.4.6"]
[Round "5"]
[White "Nigi"]
[Black "star99"]
[Result "0-1"]
[ECO "A50"]
[WhiteElo "2415"]
[BlackElo "2410"]
[WhiteEngine "stockfish_18022813_x64_bmi2"]
[BlackEngine "Cryptic Heroes 9.3B"]
[EventType "Swiss"]
[WhiteTeam ""]
[BlackTeam ""]
[PlyCount "134"]
[TimeControl "720+1"]

1. d4 Nf6 2. c4 c6 3. Nf3 d5 4. Nc3 e6 5. Bg5 h6 6. Bh4 dxc4 7. e4 b5 8. e5 g5 
9. Nxg5 hxg5 10. Bxg5 Nbd7 11. exf6 Bb7 12. g3 c5 13. d5 Nxf6 14. Bg2 Bh6 
15. Bxf6 Qxf6 16. O-O O-O-O 17. Nxb5 a6 18. Nc3 exd5 19. Na4 Bc6 20. Re1 Kb8 
21. Qc2 Rhe8 22. Nxc5 Ka7 23. Na4 Qg6 24. Qxg6 fxg6 25. Nc3 Rxe1+ 26. Rxe1 Rd6 
27. Bxd5 Rxd5 28. Nxd5 Bxd5 29. Rd1 Be4 30. f4 Kb6 31. Kf2 Bg7 32. Ke3 Bc2 
33. Rd2 Bb1 34. g4 Bxa2 35. h4 Kc5 36. f5 Bb1 37. fxg6 Bxg6 38. Rg2 a5 
39. h5 Bf7 40. Rh2 Be5 41. Rc2 a4 42. Ke4 Bh8 43. Ke3 Bg7 44. Kd2 Kb4 
45. Kd1 Kb3 46. h6 Bxh6 47. Rh2 Bg7 48. Rf2 c3 49. bxc3 Bc4 50. Rd2 a3 
51. Rd7 a2 52. Rb7+ Kxc3 53. Ra7 Kd3 54. Ke1 Bc3+ 55. Kf1 a1=Q+ 56. Rxa1 Ke3+ 
57. Kg2 Bxa1 58. g5 Be5 59. g6 Bd5+ 60. Kf1 Bc3 61. Kg1 Kf3 62. Kh2 Bg7 
63. Kg1 Bc4 64. Kh2 Be5+ 65. Kg1 Kg3 66. g7 Bd4+ 67. Kh1 Bd5# 0-1

[Event "Friday 06 April Rapid Engine Tour 12+1 Rounds 9 Starts 1600ST"]
[Site "Infinity Chess"]
[Date "2018.4.6"]
[Round "5"]
[White "MGR"]
[Black "Prometheus"]
[Result "1/2-1/2"]
[ECO "C55"]
[WhiteElo "2479"]
[BlackElo "2456"]
[WhiteEngine "CF 180327 64 POP N"]
[BlackEngine "Eman 1.70-beta15 64-bit BMI2"]
[EventType "Swiss"]
[WhiteTeam ""]
[BlackTeam ""]
[PlyCount "86"]
[TimeControl "720+1"]

1. e4 e5 2. Nf3 Nc6 3. Bc4 Nf6 4. d3 Bc5 5. O-O d6 6. c3 O-O 7. Re1 Bb6 8. h3 h6 
9. Nbd2 Ne7 10. Bb3 c6 11. Nf1 Ng6 12. Ng3 Be6 13. Bc2 c5 14. Bd2 Re8 
15. Ba4 Rf8 16. Bc2 Re8 17. Ba4 Re7 18. Nf5 Rc7 19. Ne3 Re7 20. Bc2 Rc8 
21. c4 Bc7 22. Nf5 Re8 23. Ba4 Rf8 24. a3 a6 25. b4 Rb8 26. Bb3 Qd7 27. N3h4 Bd8 
28. bxc5 dxc5 29. Bc3 Bc7 30. Nxg6 fxg6 31. Ne3 g5 32. Nd5 Bd6 33. Ra2 g4 
34. hxg4 Bxg4 35. Qa1 Nxd5 36. exd5 Rbe8 37. Bxe5 Bf3 38. gxf3 Rxf3 
39. Bxd6 Qg4+ 40. Kf1 Qh3+ 41. Kg1 Qg4+ 42. Kf1 Qh3+ 43. Kg1 Qg4+ 1/2-1/2

[Event "Friday 06 April Rapid Engine Tour 12+1 Rounds 9 Starts 1600ST"]
[Site "Infinity Chess"]
[Date "2018.4.6"]
[Round "5"]
[White "IronMan"]
[Black "KQRBNP"]
[Result "1/2-1/2"]
[ECO "B91"]
[WhiteElo "2480"]
[BlackElo "2424"]
[WhiteEngine "Eman 1.70-beta15 64-bit BMI2"]
[BlackEngine "Eman 1.70-beta17 64-bit POPCNT"]
[EventType "Swiss"]
[WhiteTeam ""]
[BlackTeam ""]
[PlyCount "125"]
[TimeControl "720+1"]

1. e4 c5 2. Nf3 d6 3. d4 cxd4 4. Nxd4 Nf6 5. Nc3 a6 6. g3 e5 7. Nde2 Be7 
8. Bg2 b5 9. Nd5 Nbd7 10. Nec3 Nb6 11. Nxe7 Qxe7 12. Bg5 O-O 13. Qf3 Be6 
14. Bxf6 Qxf6 15. Qxf6 gxf6 16. a3 Rfc8 17. Bf1 Rc5 18. O-O-O Rac8 19. Rxd6 Na4 
20. Bd3 Nxc3 21. bxc3 Rxc3 22. Kb2 R3c6 23. Rxc6 Rxc6 24. Rb1 Kf8 25. Kc1 Rc8 
26. Kd2 Rd8 27. Ke2 Ke7 28. Ra1 Rd4 29. c3 Ra4 30. Kd2 Bd7 31. Bc2 Rc4 
32. Bb3 Rc5 33. f3 f5 34. exf5 Bxf5 35. a4 bxa4 36. Rxa4 a5 37. Bc2 Bd7 
38. Rh4 Rd5+ 39. Ke3 Rc5 40. Kd2 Bc6 41. Be4 Bd7 42. Bxh7 a4 43. Bb1 a3 
44. Rb4 Be6 45. Rb7+ Kd6 46. Ra7 Rb5 47. Ra6+ Kc5 48. Be4 Rb2+ 49. Kc1 Ra2 
50. Kb1 Rb2+ 51. Kc1 Rxh2 52. Rxa3 Rg2 53. f4 Rxg3 54. fxe5 Re3 55. Bb7 Rxe5 
56. Ra4 Re2 57. Ra6 Rf2 58. Be4 Kc4 59. Ra3 f5 60. Bxf5 Bxf5 61. Kd1 Rb2 
62. Ra5 Bg6 63. Rg5 1/2-1/2

[Event "Friday 06 April Rapid Engine Tour 12+1 Rounds 9 Starts 1600ST"]
[Site "Infinity Chess"]
[Date "2018.4.6"]
[Round "5"]
[White "SkyPilot"]
[Black "Thinker"]
[Result "1/2-1/2"]
[ECO "C53"]
[WhiteElo "2481"]
[BlackElo "2443"]
[WhiteEngine "stockfish_x64_bmi2_2018_03_30_CTG"]
[BlackEngine "BrainFish_180404_x64_modern_CTG"]
[EventType "Swiss"]
[WhiteTeam ""]
[BlackTeam ""]
[PlyCount "120"]
[TimeControl "720+1"]

1. e4 e5 2. Nf3 Nc6 3. Bc4 Bc5 4. c3 Nf6 5. d3 O-O 6. O-O d6 7. h3 a6 8. Re1 Ba7 
9. a4 h6 10. Nbd2 Re8 11. Bb3 Be6 12. Bxe6 Rxe6 13. b4 d5 14. Qc2 d4 
15. Bb2 dxc3 16. Bxc3 a5 17. b5 Nb4 18. Bxb4 axb4 19. Nc4 Nd7 20. a5 Bc5 
21. Reb1 Qe8 22. Ncd2 b6 23. Nb3 Bf8 24. Rc1 bxa5 25. Rxa5 Rxa5 26. Nxa5 Rb6 
27. Qxc7 Rxb5 28. Nb3 Rb8 29. g3 Ra8 30. Kg2 Rd8 31. Rc6 h5 32. Kf1 Be7 
33. h4 Nf8 34. Ke2 Ne6 35. Qb6 Bf6 36. Qa6 Rb8 37. Kf1 g6 38. Qc4 Kg7 
39. Ke2 Kg8 40. Ra6 Qf8 41. Ra7 Rc8 42. Qd5 Rc3 43. Nbd2 Rc5 44. Qb7 Rc7 
45. Qb6 Rc2 46. Rb7 Be7 47. Kd1 Rc3 48. Nxe5 Bc5 49. Qb5 Bd6 50. Rxf7 Qc8 
51. Nec4 Qa8 52. Qd5 Qa1+ 53. Ke2 Rc1 54. Qxe6 Re1+ 55. Kf3 Qd1+ 56. Kg2 Rg1+ 
57. Kh2 Rh1+ 58. Kg2 Rg1+ 59. Kh2 Rh1+ 60. Kg2 Rg1+ 1/2-1/2

[Event "Friday 06 April Rapid Engine Tour 12+1 Rounds 9 Starts 1600ST"]
[Site "Infinity Chess"]
[Date "2018.4.6"]
[Round "4"]
[White "xeonrocks"]
[Black "Nigi"]
[Result "1/2-1/2"]
[ECO "C58"]
[WhiteElo "2573"]
[BlackElo "2408"]
[WhiteEngine "Stockfish_x64_bmi2_CTG"]
[BlackEngine "stockfish_18022813_x64_bmi2"]
[EventType "Swiss"]
[WhiteTeam ""]
[BlackTeam ""]
[PlyCount "195"]
[TimeControl "720+1"]

1. e4 e5 2. Nf3 Nc6 3. Bc4 Nf6 4. Ng5 d5 5. exd5 Na5 6. Bb5+ c6 7. dxc6 bxc6 
8. Be2 h6 9. Nh3 Bd6 10. d3 O-O 11. Nc3 Rb8 12. Ng1 Nd5 13. Nf3 Nxc3 14. bxc3 c5 
15. O-O f5 16. g3 Qc7 17. Nh4 g5 18. Ng2 f4 19. Bf3 Kg7 20. Ba3 Nc6 21. Rb1 Rxb1 
22. Qxb1 Bd7 23. Qa1 Qc8 24. Be4 Qa6 25. Qc1 Bf5 26. Re1 Bh3 27. Bb2 c4 
28. d4 Ne7 29. Qd1 Qc8 30. Qc1 Nf5 31. Qd1 Ne7 32. dxe5 fxg3 33. hxg3 Bc5 
34. Ne3 Qb8 35. Bc1 Qxe5 36. Bg2 Be6 37. Qd2 Qf6 38. Qe2 Ng6 39. Bd2 h5 
40. Rb1 Bb6 41. Rb5 Ne5 42. Nd1 Rd8 43. Qe1 Bg4 44. Rxe5 Rxd2 45. Re7+ Kh6 
46. Qxd2 Qxe7 47. Nb2 Qe6 48. Na4 Bc7 49. Nc5 Qe2 50. Qxe2 Bxe2 51. Bf1 Bf3 
52. Ne6 Ba5 53. Nd4 Be4 54. Bxc4 Bxc3 55. Nb5 Be5 56. Bd3 a6 57. Bxe4 axb5 
58. Kg2 b4 59. Bd5 Bd6 60. Bc6 Bc7 61. Kf3 g4+ 62. Kg2 Bd6 63. Be8 Be5 
64. f3 gxf3+ 65. Kxf3 Kg5 66. Bc6 Kh6 67. Be8 Kg5 68. Bc6 Kf6 69. Kg2 Kg5 
70. Be4 Kg4 71. Bf3+ Kg5 72. Be4 Kg4 73. Bf3+ Kg5 74. Bd5 Bc7 75. Kh3 Bd6 
76. Bf7 Be5 77. Bb3 Bd4 78. Kg2 Be5 79. Be6 Bd4 80. Bc4 Kg4 81. Be2+ Kg5 
82. Bb5 Be5 83. Be8 Bd6 84. Kf2 Be5 85. Kf3 Bc7 86. Bb5 Bd6 87. Bc6 Be5 
88. Bb7 Bd6 89. Ba6 Bc7 90. Kf2 Bb6+ 91. Ke1 Kg4 92. Be2+ Kxg3 93. Bxh5 Kf4 
94. a3 b3 95. cxb3 Ke3 96. b4 Bd4 97. Kd1 Kd3 98. b5 1/2-1/2

[Event "Friday 06 April Rapid Engine Tour 12+1 Rounds 9 Starts 1600ST"]
[Site "Infinity Chess"]
[Date "2018.4.6"]
[Round "4"]
[White "angriff"]
[Black "Macho"]
[Result "1/2-1/2 "]
[ECO "D45"]
[WhiteElo "2353"]
[BlackElo "2433"]
[WhiteEngine "DracoREX 3.07 64BIT POPCNT_CTG"]
[BlackEngine "asmFishW_2018-04-01_popcnt_CTG"]
[EventType "Swiss"]
[WhiteTeam ""]
[BlackTeam ""]
[PlyCount "164"]
[TimeControl "720+1"]

1. d4 d5 2. c4 e6 3. Nc3 Nf6 4. Nf3 c6 5. e3 Nbd7 6. Qc2 Bd6 7. Bd3 dxc4 
8. Bxc4 O-O 9. O-O a6 10. Rd1 b5 11. Bd3 Qc7 12. Bd2 c5 13. Ne4 c4 14. Nxd6 Qxd6 
15. Be2 Bb7 16. b3 Bd5 17. Ba5 Rfc8 18. Qb2 Ne4 19. Rac1 cxb3 20. axb3 b4 
21. Bf1 Nc3 22. Rd2 Bxf3 23. gxf3 Rc6 24. Bc4 Nd5 25. Bf1 Nc3 26. Bc4 Nd5 
27. Qb1 Rac8 28. Qd3 Qe7 29. f4 Qh4 30. Rdc2 Qg4+ 31. Kh1 Qf3+ 32. Kg1 Qg4+ 
33. Kf1 Qh3+ 34. Ke1 Re8 35. Qd1 Qxh2 36. Qf3 h5 37. Ke2 Qh4 38. Rh1 Qg4 
39. Qxg4 hxg4 40. Kd3 N7f6 41. Rg1 Rb8 42. f3 gxf3 43. Rf1 Rd6 44. e4 Nxf4+ 
45. Ke3 Ng2+ 46. Kxf3 Nh4+ 47. Kg3 Ng6 48. Bc7 Nxe4+ 49. Kf3 Rb7 50. Bxd6 Nxd6 
51. Bd3 Ne7 52. Rfc1 Rb6 53. Rc7 Kf8 54. R1c5 g6 55. Rd7 Ke8 56. Ra7 Kf8 
57. Ra5 Nc6 58. R7xa6 Nxd4+ 59. Ke3 N6f5+ 60. Bxf5 Nxf5+ 61. Ke4 Rxa6 
62. Rxa6 Ke7 63. Ra7+ Kf6 64. Ra4 g5 65. Rxb4 Nd6+ 66. Kd4 Kf5 67. Rb6 Ne4 
68. Ke3 g4 69. Rb5+ e5 70. b4 Nd6 71. Rc5 Ke6 72. b5 f5 73. b6 g3 74. Rc7 Kd5 
75. b7 f4+ 76. Kf3 Nxb7 77. Rxb7 Ke6 78. Rb8 Ke7 79. Rb1 Kd6 80. Rb6+ Ke7 
81. Ra6 Kf7 82. Rb6 Ke7 1/2-1/2

[Event "Friday 06 April Rapid Engine Tour 12+1 Rounds 9 Starts 1600ST"]
[Site "Infinity Chess"]
[Date "2018.4.6"]
[Round "4"]
[White "localhero"]
[Black "Dovahkiin"]
[Result "1-0"]
[ECO "C53"]
[WhiteElo "2380"]
[BlackElo "2349"]
[WhiteEngine "asmFishW_2017-10-04_popcnt"]
[BlackEngine "corchess_x64_modern_CTG"]
[EventType "Swiss"]
[WhiteTeam ""]
[BlackTeam ""]
[PlyCount "65"]
[TimeControl "720+1"]

1. e4 e5 2. Nf3 Nc6 3. Bc4 Bc5 4. c3 Nf6 5. d3 d6 6. O-O a5 7. Bg5 O-O 8. a4 h6 
9. Bh4 g5 10. Bg3 Kg7 11. Na3 Ne7 12. Nc2 Ng6 13. Re1 Bb6 14. d4 Nxe4 
15. Rxe4 f5 16. Re1 f4 17. Bd3 g4 18. Nd2 Be6 19. c4 h5 20. c5 fxg3 21. fxg3 Ba7 
22. Kh1 h4 23. Bxg6 Kxg6 24. Ne3 hxg3 25. Ne4 Qh4 26. Nxg3 Rh8 27. Qc2+ Kf7 
28. Nef1 Raf8 29. Qd2 Kg8 30. Rac1 c6 31. Qxa5 Bb8 32. cxd6 Bxd6 33. dxe5 1-0

[Event "Friday 06 April Rapid Engine Tour 12+1 Rounds 9 Starts 1600ST"]
[Site "Infinity Chess"]
[Date "2018.4.6"]
[Round "4"]
[White "Vimtiroba"]
[Black "fati64"]
[Result "1/2-1/2"]
[ECO "C44"]
[WhiteElo "2399"]
[BlackElo "2432"]
[WhiteEngine "SF9 ''M28''_CTG"]
[BlackEngine "BrainFish_180404_x64"]
[EventType "Swiss"]
[WhiteTeam ""]
[BlackTeam ""]
[PlyCount "104"]
[TimeControl "720+1"]

1. e4 e5 2. Nf3 Nc6 3. h3 Nf6 4. Nc3 Bc5 5. Nxe5 Nxe5 6. d4 Bd6 7. dxe5 Bxe5 
8. Bd3 O-O 9. O-O d6 10. Ne2 d5 11. exd5 Qxd5 12. Nc3 Bxc3 13. bxc3 b6 
14. c4 Qc6 15. Qd2 Bb7 16. f3 Nd7 17. Ba3 Nc5 18. Qg5 Rfe8 19. Bxc5 Qxc5+ 
20. Qxc5 bxc5 21. Kf2 g6 22. g4 Kg7 23. h4 Bc6 24. g5 Re6 25. Rfe1 Rxe1 
26. Rxe1 Re8 27. Rxe8 Bxe8 28. a3 f6 29. Ke3 Bf7 30. f4 Be6 31. Be2 Bd7 
32. Bf3 Be6 33. Bd5 Bd7 34. c3 Kf8 35. Be4 Kf7 36. Kd3 a5 37. Bd5+ Ke7 
38. Ke3 fxg5 39. fxg5 Be6 40. Bxe6 Kxe6 41. Kf4 a4 42. Ke4 Kd6 43. Kf4 Ke6 
44. Ke4 Kd6 45. Kf4 c6 46. Ke4 Ke6 47. Kf4 Kd6 48. Kf3 Ke5 49. Ke3 Kf5 
50. Kf3 Ke5 51. Ke3 Kf5 52. Kf3 Ke5 1/2-1/2

[Event "Friday 06 April Rapid Engine Tour 12+1 Rounds 9 Starts 1600ST"]
[Site "Infinity Chess"]
[Date "2018.4.6"]
[Round "4"]
[White "Thinker"]
[Black "KhalidOmar"]
[Result "1-0"]
[ECO "C50"]
[WhiteElo "2427"]
[BlackElo "2435"]
[WhiteEngine "BrainFish_180404_x64_modern_CTG"]
[BlackEngine "Eman 1.70-beta17 64-bit BMI2"]
[EventType "Swiss"]
[WhiteTeam ""]
[BlackTeam ""]
[PlyCount "209"]
[TimeControl "720+1"]

1. e4 e5 2. Nf3 Nc6 3. Bc4 Bc5 4. O-O Nf6 5. d3 O-O 6. c3 d6 7. h3 a5 8. Nbd2 h6 
9. Re1 Be6 10. a4 Ba7 11. Bxe6 fxe6 12. Nf1 Qe8 13. Be3 Nh5 14. N1d2 Qg6 
15. Qb3 Rab8 16. Nh4 Qf6 17. Nhf3 Qg6 18. Nh4 Qf7 19. Kh1 Kh7 20. Nhf3 Nf4 
21. Bxa7 Nxa7 22. Re3 g5 23. Nf1 c5 24. N1d2 Nc6 25. Nc4 Rbd8 26. Qd1 Qg7 
27. Qg1 Rf7 28. Qh2 Ng6 29. Qg3 Rf4 30. Rae1 Qd7 31. R3e2 Rdf8 32. Nh2 Kg7 
33. Qe3 d5 34. Na3 Qe7 35. g3 R4f7 36. Qd2 h5 37. Kg2 Na7 38. Rf1 h4 39. Nc2 Nc8 
40. Ne1 Nd6 41. c4 b5 42. axb5 dxc4 43. b6 Kg8 44. dxc4 Nxc4 45. Qd3 Nxb6 
46. Nef3 Nd7 47. Qe3 Rg7 48. Ng4 Nf6 49. Nfh2 Nh5 50. Rd2 Qb7 51. Rc1 a4 
52. Nf3 Qe7 53. Qxc5 Nf6 54. Qxe7 Rxe7 55. Nxf6+ Rxf6 56. Nxg5 Kg7 57. Rc8 Kh6 
58. Nf3 Rff7 59. Rc5 Rc7 60. Rxc7 Rxc7 61. Rd6 Re7 62. Nh2 Kg7 63. Ng4 Ra7 
64. Rxe6 Ra5 65. Rb6 a3 66. bxa3 Ra4 67. Rb4 Rxa3 68. Rb7+ Kf8 69. Nh6 Ne7 
70. gxh4 Ng6 71. f3 Nf4+ 72. Kg3 Ra6 73. Nf7 Rg6+ 74. Ng5 Rc6 75. Kg4 Rh6 
76. Rb5 Ng2 77. Rxe5 Ne3+ 78. Kf4 Nc4 79. Rc5 Nb2 80. Kg4 Nd3 81. Rd5 Nb4 
82. Rf5+ Ke8 83. Re5+ Kd7 84. f4 Na6 85. h5 Rf6 86. Ra5 Nb4 87. e5 Rf8 
88. f5 Kc6 89. f6 Nc2 90. Ne6 Rg8+ 91. Kf4 Rg2 92. h6 Kb6 93. Rd5 Nb4 
94. Rd6+ Ka5 95. h7 Rf2+ 96. Ke3 Rb2 97. h8=Q Rb3+ 98. Kd2 Rb2+ 99. Kc3 Rc2+ 
100. Kb3 Rb2+ 101. Kxb2 Nc6 102. Qa8+ Kb4 103. Rxc6 Kb5 104. Qb7+ Ka4 105. Ra6# 
1-0

[Event "Friday 06 April Rapid Engine Tour 12+1 Rounds 9 Starts 1600ST"]
[Site "Infinity Chess"]
[Date "2018.4.6"]
[Round "4"]
[White "CrapCleaner"]
[Black "hafaba"]
[Result "1/2-1/2"]
[ECO "B90"]
[WhiteElo "2439"]
[BlackElo "2470"]
[WhiteEngine "Raubfisch ME262_GTZ17_CTG"]
[BlackEngine "Eman 1.70-beta15 64-bit POPCNT_CTG"]
[EventType "Swiss"]
[WhiteTeam ""]
[BlackTeam ""]
[PlyCount "53"]
[TimeControl "720+1"]

1. e4 c5 2. Nf3 d6 3. d4 cxd4 4. Nxd4 Nf6 5. Nc3 a6 6. Be3 e5 7. Nb3 Be6 
8. h3 Be7 9. f4 Nc6 10. f5 Bxb3 11. axb3 Nb4 12. Bc4 Rc8 13. O-O b5 14. Bd5 Qd7 
15. Rf2 h6 16. Qf3 O-O 17. g4 Nbxd5 18. Nxd5 Nxd5 19. exd5 Qb7 20. Kh1 Bh4 
21. Rg2 e4 22. Qxe4 Rce8 23. Qd3 Re7 24. c4 bxc4 25. bxc4 Rfe8 26. Bg1 Qb8 
27. Rc2 1/2-1/2

[Event "Friday 06 April Rapid Engine Tour 12+1 Rounds 9 Starts 1600ST"]
[Site "Infinity Chess"]
[Date "2018.4.6"]
[Round "4"]
[White "Deep_Impact"]
[Black "Marsell"]
[Result "1/2-1/2"]
[ECO "C58"]
[WhiteElo "2473"]
[BlackElo "2466"]
[WhiteEngine "BrainFish_180404_x64_modern"]
[BlackEngine "asmFishW_2018-04-02_bmi2"]
[EventType "Swiss"]
[WhiteTeam ""]
[BlackTeam ""]
[PlyCount "189"]
[TimeControl "720+1"]

1. e4 e5 2. Nf3 Nc6 3. Bc4 Nf6 4. Ng5 d5 5. exd5 Na5 6. Bb5+ c6 7. dxc6 bxc6 
8. Be2 h6 9. Nh3 Qc7 10. O-O Bc5 11. Kh1 O-O 12. d3 Nb7 13. Nc3 Bd4 14. Ng1 Nd6 
15. Nf3 Re8 16. Na4 Bb6 17. b3 e4 18. Ne1 Qe7 19. Nxb6 axb6 20. Bb2 Bb7 
21. dxe4 Nfxe4 22. Bd3 c5 23. f3 Ng5 24. a4 Rac8 25. c4 Rcd8 26. Qc2 Ne6 
27. Rd1 Qg5 28. Rf2 Nf4 29. Bc1 Qf6 30. Bf1 Ne6 31. Bb2 Qg5 32. Bd3 Nf4 
33. Bc1 Qf6 34. Bxf4 Qxf4 35. Qc1 Qh4 36. Kg1 Bc6 37. Nc2 Nb7 38. Na3 Rd7 
39. Nb5 Red8 40. Bc2 Rxd1+ 41. Bxd1 Bxb5 42. axb5 Qd4 43. Bc2 Ra8 44. Bb1 Na5 
45. Qc2 Re8 46. g3 Re3 47. Kg2 g6 48. Ba2 Rd3 49. h4 Kg7 50. Re2 Rc3 51. Qd2 Qf6 
52. f4 Nxb3 53. Bxb3 Rxb3 54. Re5 h5 55. Kh3 Kh7 56. Kh2 Kg7 57. Qc2 Ra3 
58. Qb2 Rd3 59. Kg2 Re3 60. Kf2 Rd3 61. Kg2 Rd4 62. Qc3 Rd1 63. Kf2 Rd4 
64. Kg2 Rd1 65. Kf3 Rg1 66. Kf2 Rh1 67. Ke3 Rb1 68. Kf2 Rh1 69. Kg2 Rb1 
70. Qd3 Ra1 71. Kh3 Rg1 72. Kh2 Rc1 73. Kh3 Kf8 74. Qe4 Kg7 75. Qd3 Kh6 
76. Kh2 Kg7 77. Kg2 Kf8 78. Kf3 Kg7 79. Kf2 Rh1 80. Kf3 Rg1 81. Kf2 Rh1 
82. Kf3 Rg1 83. Kf2 Ra1 84. Qd7 Ra2+ 85. Kf3 Ra1 86. Qd5 Rf1+ 87. Kg2 Rb1 
88. Qd7 Kh7 89. Qd3 Rb2+ 90. Kf3 Kg7 91. Qd5 Rb3+ 92. Kg2 Rb2+ 93. Kf3 Rh2 
94. Qd7 Rh1 95. Qd3 1/2-1/2

[Event "Friday 06 April Rapid Engine Tour 12+1 Rounds 9 Starts 1600ST"]
[Site "Infinity Chess"]
[Date "2018.4.6"]
[Round "4"]
[White "RonWeasley"]
[Black "Eman"]
[Result "1/2-1/2"]
[ECO "E32"]
[WhiteElo "2474"]
[BlackElo "2488"]
[WhiteEngine "BrainFish 010418 WM_CTG"]
[BlackEngine "Eman 1.70-beta17 64-bit POPCNT"]
[EventType "Swiss"]
[WhiteTeam ""]
[BlackTeam ""]
[PlyCount "113"]
[TimeControl "720+1"]

1. d4 Nf6 2. c4 e6 3. Nc3 Bb4 4. Qc2 O-O 5. e4 d5 6. e5 Ne4 7. Bd3 c5 
8. Nf3 cxd4 9. Nxd4 Nd7 10. Bf4 Qh4 11. g3 Qh5 12. O-O g5 13. cxd5 Bxc3 
14. bxc3 exd5 15. Bxe4 dxe4 16. e6 gxf4 17. exd7 Bxd7 18. Qxe4 fxg3 19. fxg3 Bh3 
20. Rf3 Rfe8 21. Qxb7 Rab8 22. Qc6 Qg5 23. Rf2 Rbc8 24. Qf3 Re7 25. Nc6 Rec7 
26. Re1 Bg4 27. Qf4 Qxf4 28. Rxf4 Be6 29. Nd4 Bxa2 30. Ra1 Bc4 31. Nf5 Be6 
32. Nd4 Bc4 33. Nf5 Be6 34. Nd4 Bd7 35. Nf5 Bxf5 36. Rxf5 Rxc3 37. Rxa7 Rc1+ 
38. Kf2 R8c2+ 39. Ke3 Rd1 40. Raxf7 Re1+ 41. Kf4 Rxh2 42. Rf8+ Kg7 43. R5f7+ Kg6 
44. Rf6+ Kg7 45. R6f7+ Kh6 46. Kf5 Rhh1 47. Rf6+ Kg7 48. R8f7+ Kh8 49. Kg5 Re5+ 
50. Kf4 Re8 51. g4 Rg8 52. g5 Rf1+ 53. Ke4 Rxf6 54. gxf6 Rg6 55. Ke5 Rg1 
56. Ra7 Re1+ 57. Kd5 1/2-1/2

[Event "Friday 06 April Rapid Engine Tour 12+1 Rounds 9 Starts 1600ST"]
[Site "Infinity Chess"]
[Date "2018.4.6"]
[Round "4"]
[White "MarioDeMonti"]
[Black "THE_MACHINE"]
[Result "1/2-1/2"]
[ECO "C55"]
[WhiteElo "2489"]
[BlackElo "2480"]
[WhiteEngine "stockfish_x64_bmi2_2018_02_18_CTG"]
[BlackEngine "BrainFish_180404_x64_bmi2"]
[EventType "Swiss"]
[WhiteTeam ""]
[BlackTeam ""]
[PlyCount "161"]
[TimeControl "720+1"]

1. e4 e5 2. Nf3 Nc6 3. Bc4 Nf6 4. d3 Bc5 5. c3 d6 6. O-O O-O 7. h3 a5 
8. Nbd2 Be6 9. Bb5 h6 10. Re1 Qb8 11. Nf1 Qa7 12. Ne3 a4 13. Bxc6 bxc6 
14. Nh4 Kh7 15. Qf3 Bxe3 16. Bxe3 c5 17. Nf5 Ng8 18. Kh2 Qb7 19. d4 d5 
20. exd5 cxd4 21. Bd2 Bxd5 22. Qd3 g6 23. Rxe5 Qxb2 24. Rae1 Qxa2 25. Qxd4 c5 
26. Qxd5 Qxd5 27. Rxd5 gxf5 28. Rxc5 Rfd8 29. Bf4 a3 30. Rxf5 a2 31. Ra1 Ra4 
32. g3 Kg6 33. Rb5 Rda8 34. Kg2 Nf6 35. h4 R8a5 36. Rb2 h5 37. Be3 Nd5 
38. Bd2 Ra6 39. Kf3 Nb6 40. Ke2 f6 41. Kd3 Nc4 42. Rb4 Ne5+ 43. Kc2 Ra3 
44. Be3 Ra8 45. Rb5 R3a6 46. Rb7 Nc4 47. Bc5 Ne5 48. Rb2 Kf5 49. Rb4 Rc8 
50. Rf4+ Ke6 51. Bb4 Rd8 52. Bc5 Rd5 53. Be3 Rda5 54. Rb4 Ra8 55. Bb6 Rd5 
56. Rb2 Nc4 57. Rb4 Ne5 58. Be3 Rda5 59. Rb7 Nc4 60. Bd4 Kf5 61. f3 Rd5 
62. g4+ Kg6 63. gxh5+ Rxh5 64. Rg1+ Kf5 65. Rb5+ Ne5 66. Kb2 Rxh4 67. Ka1 Rf4 
68. Rf1 Kg6 69. Bxe5 fxe5 70. Rxe5 Rc4 71. f4 Kf6 72. Rh5 Ra3 73. Rg1 Rcxc3 
74. f5 Rab3 75. Rg6+ Ke5 76. f6+ Ke6 77. Rh7 Rb1+ 78. Kxa2 Rb8 79. f7+ Ke7 
80. f8=Q+ Kxf8 81. Rh8+ 1/2-1/2

[Event "Friday 06 April Rapid Engine Tour 12+1 Rounds 9 Starts 1600ST"]
[Site "Infinity Chess"]
[Date "2018.4.6"]
[Round "4"]
[White "MCDermont"]
[Black "Murx"]
[Result "1/2-1/2"]
[ECO "E32"]
[WhiteElo "2493"]
[BlackElo "2519"]
[WhiteEngine "BrainFish 010418 WM_CTG"]
[BlackEngine "BrainFish_180404_x64_bmi2"]
[EventType "Swiss"]
[WhiteTeam ""]
[BlackTeam ""]
[PlyCount "112"]
[TimeControl "720+1"]

1. d4 Nf6 2. c4 e6 3. Nc3 Bb4 4. Qc2 O-O 5. e4 d5 6. e5 Ne4 7. Bd3 c5 
8. Nf3 cxd4 9. Nxd4 Nd7 10. Bf4 Ndc5 11. O-O Bxc3 12. bxc3 Bd7 13. Be2 Na4 
14. cxd5 exd5 15. c4 Rc8 16. Rfc1 Nec3 17. cxd5 Nxd5 18. Qd2 Nac3 19. Bf3 Rc4 
20. e6 Nxf4 21. Rxc3 Rxc3 22. exf7+ Rxf7 23. Qxc3 b6 24. Re1 Qf6 25. Re4 Ne6 
26. Qd2 Nc5 27. Re3 Qd6 28. Qb2 Re7 29. Rxe7 Qxe7 30. Qd2 Qd6 31. Qe3 Ne6 
32. Nxe6 Qxe6 33. Qd2 Bc6 34. Bxc6 Qxc6 35. Qf4 a5 36. a3 b5 37. g3 a4 
38. Qb8+ Kf7 39. Qf4+ Ke6 40. Qe3+ Kf7 41. Qf4+ Kg6 42. Qe5 Qc1+ 43. Kg2 Qc6+ 
44. Kg1 Kf7 45. Qf5+ Ke7 46. Qg5+ Kf8 47. Qe5 Kf7 48. Kf1 Qc1+ 49. Kg2 Qc4 
50. h4 b4 51. axb4 a3 52. b5 a2 53. Qf5+ Kg8 54. Qe5 Kf7 55. Qf5+ Kg8 
56. Qe5 Kf7 1/2-1/2

[Event "Friday 06 April Rapid Engine Tour 12+1 Rounds 9 Starts 1600ST"]
[Site "Infinity Chess"]
[Date "2018.4.6"]
[Round "4"]
[White "Demoralisator"]
[Black "Brtroy"]
[Result "1/2-1/2"]
[ECO "D31"]
[WhiteElo "2554"]
[BlackElo "2503"]
[WhiteEngine "Raubfisch X36b"]
[BlackEngine "Stockfish_18040400_x64_bmi2_CTG"]
[EventType "Swiss"]
[WhiteTeam ""]
[BlackTeam ""]
[PlyCount "133"]
[TimeControl "720+1"]

1. d4 d5 2. c4 e6 3. Nc3 c6 4. e4 dxe4 5. Nxe4 Bb4+ 6. Bd2 Qxd4 7. Bxb4 Qxe4+ 
8. Be2 Na6 9. Ba5 b6 10. Qd6 Bd7 11. Bc3 f6 12. Nf3 Nh6 13. Rd1 Rd8 14. Qa3 Bc8 
15. Nd2 Qf4 16. Bh5+ Nf7 17. O-O c5 18. Qa4+ Ke7 19. Rfe1 Ng5 20. Re3 Rd6 
21. Rde1 Rhd8 22. Ne4 Nxe4 23. Rxe4 Qh6 24. Bf3 Kf8 25. a3 e5 26. R4e3 g6 
27. b4 Nc7 28. bxc5 bxc5 29. Qxa7 Ne6 30. g3 Qg7 31. Qxg7+ Kxg7 32. Bd5 g5 
33. h4 gxh4 34. gxh4 Kh6 35. Rg3 Nf4 36. Bd2 Bb7 37. Bxf4+ exf4 38. Rg4 Bxd5 
39. cxd5 Rxd5 40. Rxf4 f5 41. Kg2 Rc8 42. Re6+ Kh5 43. Re3 c4 44. Rc3 Ra5 
45. a4 Rxa4 46. Rxf5+ Kh6 47. f4 Kg6 48. Rb5 Ra1 49. Rg3+ Kf6 50. Rc3 h6 
51. h5 Rg8+ 52. Kf2 Rc8 53. Rg3 Ra2+ 54. Ke1 Re8+ 55. Kf1 Ree2 56. Rg6+ Kf7 
57. Rb7+ Re7 58. Rxe7+ Kxe7 59. Rc6 c3 60. Rxc3 Rh2 61. Rc5 Rd2 62. Rc7+ Kf6 
63. Rc6+ Kf5 64. Rxh6 Rd1+ 65. Ke2 Ra1 66. Rb6 Kxf4 67. h6 1/2-1/2